 Dungeon Crawl Stone Soup version 0.19-a0-1384-gbb462ca (webtiles) character file.

58 st0uf the Firebug (level 3, -1/26 HPs)
             Began as a Draconian Fire Elementalist on Sept 3, 2016.
             Killed from afar by Natasha (5 damage)
             ... with a magic dart
             ... on level 1 of the Dungeon.
             The game lasted 00:04:35 (1183 turns).

st0uf the Firebug (Draconian Fire Elementalist)     Turns: 1183, Time: 00:04:36

Health: -1/26      AC:  6    Str: 10    XL:     3   Next: 75%
Magic:  2/7        EV: 12    Int: 16    God:
Gold:   9          SH:  0    Dex: 11    Spells: 1 memorised, 7 levels left

rFire  . . .     SeeInvis .     (no weapon)
rCold  . . .     Gourm    .     (armour unavailable)
rNeg   . . .     Faith    .     (no shield)
rPois  .         Spirit   .     (helmet restricted)
rElec  .         Dismiss  .     e - +0 cloak
rCorr  .         Reflect  .     (no gloves)
MR     .....     Harm     .     (no boots)
Stlth  ++........               (no amulet)
                                (no ring)
                                (no ring)

@: no status effects
A: unfitting armour, cold-blooded, AC +5
a: no special abilities


You were on level 1 of the Dungeon.
You were not hungry.

You visited 1 branch of the dungeon, and saw 2 of its levels.

You collected 9 gold pieces.

Inventory:

Armour
 e - a +0 cloak (worn)
Jewellery
 d - an uncursed ring of see invisible {unknown}
Scrolls
 c - 2 scrolls of teleportation {unknown}
 g - a scroll of blinking {unknown}
Books
 a - a book of Flames

   Spells                             Type                      Level
   a - Flame Tongue                   Conjuration/Fire             1
   b - Throw Flame                    Conjuration/Fire             2
   c - Conjure Flame                  Conjuration/Fire             3
   d - Inner Flame                    Hexes/Fire                   3
   e - Sticky Flame                   Conjuration/Fire             4
   f - Fireball                       Conjuration/Fire             5
Comestibles
 b - a bread ration
 f - a slice of pizza


   Skills:
 - Level 1.7 Dodging
 - Level 1.7 Stealth
 * Level 3.1 Spellcasting
 + Level 1.9 Conjurations
 + Level 3.4 Fire Magic


You had 7 spell levels left.
You knew the following spells:

 Your Spells              Type           Power        Failure   Level  Hunger
a - Flame Tongue          Conj/Fire      ##...        10%         1    None


Dungeon Overview and Level Annotations

Branches:
Dungeon (2/15)

Altars:

Annotations:
D:1 Natasha
D:2 Sigmund


Innate Abilities, Weirdness & Mutations

Your plain brown scales are hard. (AC +5)
Your body does not fit into most forms of armour.
You are cold-blooded and may be slowed by cold attacks.


Message History

Natasha is moderately wounded.
You feel yourself speed up. Natasha claws you but does no damage.
Natasha claws you.
Casting: Flame Tongue
Confirm with . or Enter, or press ? or * to list all spells.
Aiming: Flame Tongue
Press: ? - help, Shift-Dir - straight line, f/p - Natasha
Aim: Natasha (moderately wounded, unusually resistant)
The flame tongue misses Natasha.
Natasha claws you.
* * * LOW HITPOINT WARNING * * *
Casting: Flame Tongue
Confirm with . or Enter, or press ? or * to list all spells.
Aiming: Flame Tongue
Press: ? - help, Shift-Dir - straight line, f/p - Natasha
Aim: Natasha (moderately wounded, unusually resistant)
The flame tongue hits Natasha.
Natasha resists.
Natasha is heavily wounded.
Natasha stares at you and mumbles some strange words.
The magic dart hits you!
You die...

#.# #......##########.####.######
#.# #.####.......................
#.# #.# ##..#########.####.######
#.###.###.............# #.# #
......................# #.# #
#.###..#..#.#.......#.# #.# #
#......#..#.#.#####.#.# #.# #
#..#.#....#.#.#####.#.####.######
................@................
.....#....#.#.##h##.#.####.######
#.............##.##.#.##.....####
..........#.####.##.#.###........
.....###+##+## #.##.#.###....####
#.#+###......# #.##.#............
#.#.# #..)...# #.#............###
#.#.# #......# #.#.#######.......
#.#.# #......# #.#.# #..#.###


You could see Natasha.

Vanquished Creatures
  Natasha (D:2)
  An ooze (D:1)
  2 dart slugs (D:1)
  A ball python (D:1)
  3 bats
  A giant cockroach (D:1)
  4 goblins (D:1)
  A hobgoblin (D:2)
  5 kobolds
  3 giant newts (D:1)
  5 rats (D:1)
27 creatures vanquished.

Notes
Turn   | Place    | Note
-------+----------+-------------------------------------------
     0 | D:1      | st0uf the Draconian Fire Elementalist began the quest for the Orb.
     0 | D:1      | Reached XP level 1. HP: 14/14 MP: 3/3
   172 | D:1      | Reached XP level 2. HP: 20/20 MP: 1/5
   662 | D:1      | Reached XP level 3. HP: 26/26 MP: 4/7
  1084 | D:2      | Noticed Natasha
  1089 | D:2      | Killed Natasha
  1148 | D:2      | Noticed Natasha
  1149 | D:2      | Noticed Sigmund
  1183 | D:1      | Killed from afar by Natasha

Vault maps used:
D:1:      nicolae_arrival_memento_mori
D:2:      uniq_sigmund, uniq_crazy_yiuf_cottage, uniq_natasha

Skill      XL: |  1  2  3 |
---------------+----------+-----
Spellcasting   | 3 |  3.1
Dodging        | |  1.7
Stealth        | |  1.7
Conjurations   | |  1.9
Fire Magic     | |  3.4

Action                   || total
-------------------------++-------
Melee: Unarmed           ||    10
       Tailslap          ||     1
 Cast: Flame Tongue      ||    48
  Eat: Chunk             ||     1
Armor: Skin              ||    11
Dodge: Dodged            ||    25
